[Event "4NCL 2022-2023"]
[Site "Daventry"]
[Date "2023.01.14"]
[Round "3.21"]
[White "Rendle, Thomas E"]
[Black "Lee, Richard W Y"]
[Result "1/2-1/2"]
[ECO "C10"]
[WhiteElo "2388"]
[BlackElo "2108"]
[Annotator "TA"]
[PlyCount "99"]
[EventDate "2022.10.20"]
[EventType "team-tourn"]
[EventCountry "ENG"]
[SourceTitle "playchess.com"]
[Source "ChessBase"]
[SourceQuality "1"]
[TimeControl "40/6000+30:2400+30"]

1. e4 e6 2. d4 d5 3. Nd2 dxe4 4. Nxe4 Nd7 5. Nf3 Ngf6 6. Nxf6+ Nxf6 7. c3 c5 8. Ne5 {[%emt 0:11:51] 8.Be3 deserves study.} a6 {[%emt 0:02:10] Repels Bb5+. C10: French with 3 Nc3: Unusual Black 3rd moves and 3...dxe4.} 9. Be3 Qc7 10. Qa4+ Nd7 {[%emt 0:00:22] The position is equal.} 11. Rd1 cxd4 (11... Rb8 $5 ) 12. Nxd7 ({Don't play} 12. Bxd4 b5 13. Bxb5 axb5 14. Qxa8 Nxe5 $15) 12... Bxd7 13. Qxd4 {[%emt 0:02:52] [#]} e5 $146 {[%emt 0:02:17] Dodges Bf4} ({Predecessor:} 13... Bc6 14. f3 Rd8 15. Qxd8+ Qxd8 16. Rxd8+ Kxd8 17. Bb6+ Ke8 18. Bd3 Bd6 19. Ke2 Ke7 {½-½ Pinter,E (2410)-Erdos,V (2473) Mitropa Cup 23th 2004 (1.4)}) 14. Qc4 Rc8 15. Qxc7 Rxc7 16. Be2 Be6 17. Bf3 Bxa2 18. Bb6 Rd7 19. O-O Be7 20. Bg4 Be6 21. Bxe6 fxe6 22. Rfe1 Rf8 23. Rxd7 Kxd7 24. Rxe5 $11 {[%emt 0:00:16][%mdl 4096] Endgame KRB-KRB} Rf5 25. Re2 Rd5 {[%emt 0:02:48] ( -> ...Rd1+)} 26. g3 Bf6 27. Kg2 Kd6 28. Ba7 Rd3 29. h4 h5 30. Be3 b5 31. Bb6 Kd5 32. Bc7 Kc6 33. Bf4 (33. Rxe6+ $2 {too greedy.} Kxc7 34. g4 hxg4 35. Rxa6 g3 $19) 33... Kd5 34. Bg5 (34. Bc7 $1 $11) 34... a5 $17 35. f3 Be5 $1 36. Kf2 Bd6 37. g4 g6 38. Bf6 (38. Re4 $15 Rd1 39. gxh5 gxh5 40. Ke2) 38... Bf4 $2 (38... hxg4 $19 39. fxg4 Bf4) 39. gxh5 gxh5 40. Bg5 $2 (40. Re4 $1 $11 {and White stays safe.} Bc1 41. Ke2 Rd2+ 42. Ke1) 40... Be5 $2 (40... e5 $19 {has better winning chances. ...a4 is the strong threat.} 41. Rc2 a4) 41. Re4 {[%emt 0:00:00] [#] And now Ke2 would win.} Rd1 $1 42. Re2 Rh1 43. Ke3 Rh3 ({Black should try} 43... Bg3 $17 44. f4 Rh2 45. Rxh2 Bxh2) 44. Bd8 (44. Rd2+ $11 Kc4 45. Rd8) 44... a4 $15 {[%emt 0:00:19] ...Kc4 would be deadly.} 45. Be7 (45. Rd2+ $15 Kc4 46. Be7) 45... Kc4 46. Kd2 $2 {[%emt 0:07:28] [#]} (46. Rd2 $17) 46... Bf4+ (46... Rh2 $1 $19 {is more deadly.} 47. Rxh2 Bxh2) 47. Kc2 $17 {[%emt 0:00:08] Strongly threatening Re4+.} e5 48. Re4+ Kd5 49. Rb4 Kc6 (49... Rxf3 $17 {Threatens to win with ...Ke6.} 50. Rxb5+ Ke6) 50. c4 $1 {[%emt 0:00:44] Weighted Error Value: White=0.31/Black=0.27 (precise)} 1/2-1/2

[Event "4NCL 2022-2023"]
[Site "Daventry"]
[Date "2023.01.14"]
[Round "3.22"]
[White "Robertson, J Stuart"]
[Black "Dong, Bao Nghia"]
[Result "0-1"]
[ECO "A57"]
[WhiteElo "2154"]
[BlackElo "2359"]
[Annotator "TA"]
[PlyCount "64"]
[EventDate "2022.10.20"]
[EventType "team-tourn"]
[EventCountry "ENG"]
[SourceTitle "playchess.com"]
[Source "ChessBase"]
[SourceQuality "1"]
[TimeControl "40/6000+30:2400+30"]

1. d4 Nf6 2. c4 g6 3. f3 c5 4. d5 b5 5. e4 d6 6. cxb5 a6 7. a4 Bg7 8. Na3 O-O 9. Ne2 axb5 {[%emt 0:02:37] A57: Benko/Volga Gambit.} 10. axb5 ({White should try} 10. Nxb5 $16 Na6 11. Nec3) 10... Ne8 (10... Nbd7 $11 {keeps the balance.}) 11. Nc3 $16 f5 {[%emt 0:00:08] White is better.} 12. exf5 $1 Bxf5 13. Be3 Qa5 14. Qd2 {[%emt 0:07:08] aiming for Nc2.} (14. Qc1 $5 ) 14... Nd7 15. Be2 {[%emt 0:06:27] [#] And now g4 would win.} (15. Nc2 $5 Qd8 16. Be2 $14) 15... Nb6 $146 (15... Qb4 $1 $11 {remains equal.}) ({Predecessor:} 15... Ne5 16. O-O Nc7 17. Nc2 Qb6 18. b4 Bxc2 19. bxc5 dxc5 20. Qxc2 Nd7 21. Kh1 Bxc3 22. Qxc3 Nxd5 {½-½ Wang,P (2306)-Ritvin,S (2279) USA-ch U20 Dallas 2002 (1)}) 16. g4 (16. Nc2 $16 Qxa1+ 17. Nxa1 Rxa1+ 18. Nd1) 16... Bd7 (16... Bc8 {simplifies} 17. Nc2 Bxc3 18. Qxc3 Qxc3+ 19. bxc3 Rxa1+ 20. Nxa1 Nc7) 17. Nc2 Qxa1+ 18. Nxa1 Rxa1+ 19. Nd1 {[%emt 0:47:05] Threatens to win with b4.} Nc7 20. Bh6 {[%emt 0:00:00] [#]} (20. O-O $14 {keeps the upper hand.}) 20... Bxh6 $1 $17 {[%emt 0:00:54] Black is much more active. The white rooks are badly placed.} 21. Qxh6 {[%emt 0:00:00] h4 would be deadly.} Bxb5 22. Qd2 {[%emt 0:00:00] [#]} (22. f4 $17) 22... Nc4 $1 $19 (22... Nbxd5 23. Bxb5 Rf4 24. Be2 $18) 23. Qc3 (23. Qc2 Rf4 24. O-O) 23... Ne5 {[%emt 0:00:08] Strongly threatening ...Bxe2. Black is clearly winning.} ({But not} 23... Nxd5 24. Bxc4 e6 25. Bxd5 exd5 26. Kf2 $18) 24. Qb3 c4 ({Not} 24... Bxe2 $2 25. Kxe2 Nxf3 26. Qxf3 Rxf3 27. Kxf3 $19) 25. Qc3 (25. Qb4 $142 Rxf3 26. Qd2) 25... Nxd5 26. Qd4 Nf4 (26... Nxf3+ $2 27. Bxf3 Nf4 28. Kd2 $18) 27. Qe4 Bc6 {[%emt 0:01:04][%mdl 64] Skewer} 28. Bxc4+ e6 29. Qc2 Nxf3+ 30. Kf2 Nd4 {[%emt 0:03:34][%csl LRc2,LRh1][%mdl 64] Discovered Attack. White is weak on the light squares} 31. Qd2 Ng2+ {[%emt 0:01:24] Excellent horsemanship.} 32. Kg3 Rf3+ {[%emt 0:00:13] Excellently played by Dong!   Weighted Error Value: White=1.43/Black=0.17 (very precise)} (32... Rf4 $2 33. Rf1 Rxf1 34. Bxf1 $18 {[%mdl 64] Trapped Piece}) 0-1

[Event "4NCL 2022-2023"]
[Site "Daventry"]
[Date "2023.01.14"]
[Round "3.23"]
[White "Kueh, Audrey"]
[Black "Chan, Nevil"]
[Result "1-0"]
[ECO "B00"]
[WhiteElo "2123"]
[BlackElo "2001"]
[Annotator "TA"]
[PlyCount "59"]
[EventDate "2022.10.20"]
[EventType "team-tourn"]
[EventCountry "ENG"]
[SourceTitle "playchess.com"]
[Source "ChessBase"]
[SourceQuality "1"]
[TimeControl "40/6000+30:2400+30"]

1. e4 b6 2. d4 Bb7 3. Bd3 Nf6 4. Qe2 Nc6 5. c3 e5 6. Nf3 {[%emt 0:12:03] B00: Queen's Fianchetto Defence, Nimzowitsch Defence.} d6 7. O-O Be7 8. a4 ({White should play} 8. a3 $16) 8... a6 9. d5 {[%emt 0:03:29] White stays focused until the end.} Nb8 10. a5 {[%emt 0:00:10] [#]} O-O $146 ({Predecessor:} 10... Nfd7 11. c4 c6 12. axb6 cxd5 13. cxd5 O-O 14. Nc3 f5 15. Nd2 fxe4 16. Bxe4 Nxb6 {1-0 Krivoborodov,E (2414)-Vymazal,B (2305) Pardubice op-A 2006 (6)}) 11. axb6 cxb6 12. Be3 Nfd7 13. Nbd2 {[%emt 0:01:25] White is much more active.} Qc8 14. Nc4 b5 (14... Qc7 $16 {was worth a try.}) 15. Na5 $18 Bd8 16. c4 Bxa5 17. Rxa5 Qc7 18. Rfa1 bxc4 19. Bxc4 Rc8 20. Bd3 Nb6 (20... Nf6 $142 21. Nh4 g6) 21. Nd2 N8d7 22. Bxa6 Bxa6 23. Rxa6 Rxa6 24. Rxa6 ({Don't take} 24. Qxa6 Ra8 25. Qf1 Rxa1 26. Qxa1 h6) 24... Nc5 25. Ra1 Nbd7 $2 (25... Rb8 26. b4 Ncd7) 26. b4 {[%emt 0:02:51] White is clearly winning.} Nb7 27. Ra7 Rb8 28. Qb5 {[%emt 0:02:21] [#] Hoping for Qc6.} Qc1+ 29. Nf1 Qc8 30. Qc6 {[%emt 0:00:07] Weighted Error Value: White=0.09 (flawless) /Black=0.38} 1-0

[Event "4NCL 2022-2023"]
[Site "Daventry"]
[Date "2023.01.14"]
[Round "3.24"]
[White "Sivanandan, Bodhana"]
[Black "Milson, Samuel A"]
[Result "0-1"]
[ECO "C02"]
[WhiteElo "1718"]
[BlackElo "2090"]
[Annotator "TA"]
[PlyCount "94"]
[EventDate "2022.10.20"]
[EventType "team-tourn"]
[EventCountry "ENG"]
[SourceTitle "playchess.com"]
[Source "ChessBase"]
[SourceQuality "1"]
[TimeControl "40/6000+30:2400+30"]

1. e4 e6 2. d4 d5 3. e5 c5 4. c3 Nc6 5. Nf3 Bd7 6. Bd3 cxd4 {[%emt 0:00:19] C02: French: Advance Variation.} 7. O-O dxc3 $1 {[%emt 0:00:27] 7...dxc3 is better than 7...Qb6.} 8. Nxc3 Nge7 {[%emt 0:00:20] Black is slightly better.} 9. Bg5 {[%emt 0:00:20] Threatens to win with Nb5.} Qb8 10. Re1 Ng6 11. Bxg6 hxg6 {[%emt 0:00:11] [#]} 12. Bf4 $146 ({Predecessor:} 12. Qd2 b5 13. Qf4 Qb7 14. Rad1 Rc8 15. Ne2 Bb4 16. Rf1 Bc5 17. Nc1 Bb6 18. Nd3 {0-1 Tukhaev,A (2534)-Van Wely,L (2612) Abu Dhabi op 27th rapid 2021 (6)}) 12... Be7 13. Ne2 {[%emt 0:10:43] [#]} g5 14. Nxg5 $11 Nxe5 (14... Qd8 $11 {remains equal.} 15. Nf3 g5) 15. Nd4 $16 Bd6 {[%emt 0:03:43][%cal Be7d6,Bd6f4,Bf4h2,Bh2e5][%mdl 32] [#]} 16. Nf5 $1 Nf3+ $11 {[%emt 0:10:17][%mdl 64] Discovered Attack} 17. Qxf3 (17. gxf3 $2 {perishes.} Bxf4 18. Qd4 Bxg5 $19) 17... Bxf4 18. Nxg7+ Ke7 $1 {[%emt 0:11:24] Some like it hot} 19. Nh3 $2 {[%emt 0:07:32][%mdl 8192] This move loses the game for White.} ({Don't go for} 19. Qa3+ $2 Kf6 20. g3 Bxg5 $19) (19. Qxd5 $11 {and White is okay.} Bxh2+ 20. Kf1) 19... Bxh2+ $19 {[%emt 0:02:39] This pair of bishops is nice.} 20. Kh1 {[%emt 0:00:36] Nf5+ would be deadly.} Be5 21. Nh5 Qd6 ({Inferior is} 21... Bxb2 22. Rad1 $19 (22. Rab1 Be5 $17)) 22. Qe2 $2 (22. Qg4 Rag8 23. Qh4+ f6 24. Re2) 22... f6 23. Rad1 Rag8 {[%emt 0:03:21] Repels f4. aiming for ...d4.} 24. f4 Bxf4 25. N5xf4 Qxf4 26. Rxd5 Qg4 27. Qxg4 Rxg4 28. Kh2 Rhg8 29. Rd2 Bc6 30. Ree2 e5 31. a3 a5 32. Rf2 {[%emt 0:02:56] [#]} f5 $1 33. b4 (33. Kg1 f4) 33... axb4 34. axb4 Ke6 35. Rb2 b5 36. Rbc2 Rc4 37. g3 (37. Rce2 $142) 37... Rh8 38. Rxc4 bxc4 {[%emt 0:00:09][%mdl 4096] Endgame KRB-KRN} 39. Rc2 Kd5 {[%emt 0:01:42] White must now prevent ...Kd4.} 40. Rd2+ {[%emt 0:00:20] [#]} Ke4 $1 41. Re2+ Kf3 {[%emt 0:42:00] Black mates.} 42. Rxe5 Kg4 43. Rc5 Rxh3+ 44. Kg1 Be4 45. Rxc4 Kxg3 46. Rc3+ Bf3 47. b5 Rh1# {[%emt 0:00:07] Artfully played by Milson.   Weighted Error Value: White=0.74/Black=0.17 (very precise)} 0-1

[Event "4NCL 2022-2023"]
[Site "Daventry"]
[Date "2023.01.14"]
[Round "3.25"]
[White "Jones, Gawain C B"]
[Black "Delaney, Killian"]
[Result "1-0"]
[ECO "B22"]
[WhiteElo "2623"]
[BlackElo "2294"]
[Annotator "TA"]
[PlyCount "55"]
[EventDate "2022.10.20"]
[EventType "team-tourn"]
[EventCountry "ENG"]
[SourceTitle "playchess.com"]
[Source "ChessBase"]
[SourceQuality "1"]
[TimeControl "40/6000+30:2400+30"]

1. Nf3 c5 2. e4 e6 3. c3 Nf6 4. e5 Nd5 5. d4 cxd4 6. cxd4 d6 7. Bc4 Nc6 8. O-O Be7 9. Qe2 O-O 10. Rd1 Na5 11. Bd3 {[%emt 0:02:47] B22: Sicilian: 2 c3.} Nb4 $1 12. Nc3 $1 {[%emt 0:00:12][%mdl 4] is more profitable than 12.exd6 at the moment.} Nxd3 13. Rxd3 {[%emt 0:00:06] The position is equal.} b6 {[%emt 0:17:28] White must now prevent ...Ba6.} 14. b4 Nc6 15. a3 {[%emt 0:00:21] [#]} f5 $146 {[%emt 0:05:56] [#]} (15... Bb7 $11) ({Predecessor:} 15... Bb7 16. Bf4 Rc8 17. Qd2 d5 18. h4 b5 19. h5 a5 20. h6 g6 21. Nxb5 Ba6 {1-0 Yudin,S (2599)-Moiseenko,A (2577) Wch Blitz Almaty 2022 (17)}) 16. exd6 $1 $18 Bxd6 {[%emt 0:04:41] [#]} (16... Qxd6 $142 17. d5 exd5) 17. d5 $1 exd5 18. Rxd5 Qf6 19. Bb2 {[%emt 0:07:55] Threatens to win with Nb5.} Be7 20. Re1 Rf7 21. Nb5 {[%emt 0:10:26] White is clearly winning.} Qg6 22. Nc7 Rb8 23. b5 Bd8 (23... Rb7 $142 24. bxc6 Rxc7) 24. bxc6 (24. Ne5 $142 Nxe5 25. Rxd8+ Rf8 26. Rxf8+ Kxf8 27. Qxe5) 24... Bxc7 25. Qe8+ Rf8 26. Qxg6 hxg6 27. Ng5 {[%emt 0:01:02] Threatening mate with Re7.} Bd8 {[%emt 0:00:58] [#] Dodges Re7} 28. Rxd8 $1 {[%emt 0:02:07][%mdl 576] Decoy, Promotion. Black did not feel at home in the position after the opening.   Weighted Error Value: White=0.05 (flawless) /Black=0.43} 1-0

[Event "4NCL 2022-2023"]
[Site "Daventry"]
[Date "2023.01.14"]
[Round "3.26"]
[White "Wall, Gavin"]
[Black "Alsina Leal, Daniel"]
[Result "1/2-1/2"]
[ECO "C02"]
[WhiteElo "2286"]
[BlackElo "2520"]
[Annotator "TA"]
[PlyCount "71"]
[EventDate "2022.10.20"]
[EventType "team-tourn"]
[EventCountry "ENG"]
[SourceTitle "playchess.com"]
[Source "ChessBase"]
[SourceQuality "1"]
[TimeControl "40/6000+30:2400+30"]

1. e4 e6 2. d4 d5 3. e5 c5 4. c3 Nc6 5. Nf3 Nh6 6. Bd3 Nf5 7. dxc5 {[%emt 0:04:50] Recently 7.0-0 got a lot of attention. C02: French: Advance Variation.} Nh4 8. Nxh4 Qxh4 9. Qe2 {[%emt 0:01:56] White is slightly better.} Bxc5 10. Nd2 {[%emt 0:05:40] [#]} Bb6 $146 ({Predecessor:} 10... Nxe5 11. Qxe5 Qxf2+ 12. Kd1 Qxg2 13. Rf1 O-O 14. Rf3 f6 15. Qh5 g6 16. Qh4 e5 {1-0 Nozdrachev,V (2358)-Borisova,E (2229) Moscow Region-ch op 2009 (5)}) 11. Nf3 Qe7 12. O-O Bd7 13. b4 f6 14. Bf4 Rc8 15. a4 Bc7 (15... O-O $11) 16. b5 {[%emt 0:06:38] White is more active.} (16. exf6 $16 gxf6 17. Bxc7 Rxc7 18. b5) 16... Nxe5 $11 17. Nxe5 fxe5 18. Bxe5 Bxe5 19. Qxe5 O-O 20. Rac1 Rc5 21. f4 g6 22. h4 Qg7 (22... Qxh4 $2 23. Qd6 b6 24. Qxd7 $18) 23. Qd6 Rfc8 (23... b6 $11) 24. Rf3 (24. h5 $1 $14 Rxc3 25. Rxc3 Rxc3 26. h6) 24... Rxc3 25. Rxc3 Rxc3 26. Kh2 {[%emt 0:01:26][%cal Oh4h5] And now h5! would win.} Be8 $2 (26... Bc8 $11 {and Black is okay.}) 27. Qxe6+ $18 Bf7 28. Qe3 ({White should play} 28. Qe7 $18) 28... Qf6 $11 29. h5 Kg7 $2 (29... gxh5 $2 30. Bxh7+ (30. Qxa7 Qh4+ 31. Kg1 Qe1+ 32. Rf1 Qd2 $16) 30... Kxh7 31. Qxc3 Qh4+ 32. Kg1 $18) (29... b6 $11 {and Black stays safe.}) 30. h6+ $18 Kxh6 $2 {[%emt 0:00:31] [#]} (30... Kg8 31. Qxa7 Qh4+ 32. Kg1 Qe1+ 33. Rf1 Qe7) 31. Qxa7 $2 (31. g4 $1 $18 {[%cal Rg4g5] g5+ would kill now.} Kg7 32. g5 (32. Qxa7 Ra3 $15)) 31... Kg7 {[%emt 0:01:37] [#]} (31... Be6 $11 32. Qxb7 Qh4+ 33. Kg1 Bg4 34. Bxg6 Rc1+ 35. Rf1 Rxf1+ 36. Kxf1 Qh1+ 37. Kf2 Qh4+ 38. Kf1 Qh1+ 39. Kf2 Qh4+ 40. Kf1) 32. Qxb7 ({Better is} 32. a5 $1 $16) 32... Qh4+ $11 {[%emt 0:00:45] The position is equal.} 33. Kg1 {[%emt 0:00:04] Black must now prevent Qb8.} Qe1+ 34. Kh2 Qh4+ 35. Kg1 {[%emt 0:00:03] aiming for Qb8.} Qe1+ 36. Kh2 {[%emt 0:00:03] Weighted Error Value: White=0.37/Black=0.46} 1/2-1/2

[Event "4NCL 2022-2023"]
[Site "Daventry"]
[Date "2023.01.14"]
[Round "3.27"]
[White "Rowson, Jonathan"]
[Black "Thorarinsson, Pall A."]
[Result "1-0"]
[ECO "D45"]
[WhiteElo "2550"]
[BlackElo "2172"]
[Annotator "TA"]
[PlyCount "57"]
[EventDate "2022.10.20"]
[EventType "team-tourn"]
[EventCountry "ENG"]
[SourceTitle "playchess.com"]
[Source "ChessBase"]
[SourceQuality "1"]
[TimeControl "40/6000+30:2400+30"]

1. d4 d5 2. c4 c6 3. Nc3 Nf6 4. e3 e6 5. Nf3 Nbd7 6. Qc2 Bd6 7. Bd2 O-O 8. h3 e5 {[%emt 0:03:08] D45: Semi-Slav: 5 e3.} 9. O-O-O {[%emt 0:09:43] [#]} e4 $146 ({Predecessor:} 9... Re8 10. Kb1 e4 11. Ng1 dxc4 12. Bxc4 Nb6 13. Bb3 Be6 14. Bxe6 Rxe6 15. Nge2 Nbd5 16. Nxd5 cxd5 {½-½ Weise,D-Capelan,G GER-ch48 Kandidatenturnier09 1964 (9)}) 10. Nh2 c5 (10... Qe7 $11) 11. Ng4 $14 cxd4 12. exd4 Bb4 13. c5 ({Much weaker is} 13. Nxd5 Nxd5 14. cxd5 Bxd2+ 15. Qxd2 (15. Rxd2 Nf6 $11) 15... Nb6 $11) 13... Nxg4 (13... Qa5 $142) 14. hxg4 $16 Nf6 {[%emt 0:00:17] [#]} 15. f3 Re8 16. g5 Bxc3 17. Qxc3 Nd7 {[%emt 0:04:36] Black is weak on the dark squares} 18. fxe4 dxe4 {[%emt 0:00:24] [#]} (18... Rxe4 19. Bd3 Nf8 20. Bxe4 dxe4) 19. Bc4 (19. g6 $142 Nf6 20. gxf7+ Kxf7 21. Bc4+ Be6 22. d5 Nxd5 23. Qg3 (23. Bxd5 Qxd5 24. Rxh7 Rg8 $18)) 19... Nf8 $18 20. d5 Bf5 21. Rhf1 Bg6 (21... Bg4 $16) 22. Be3 $36 {[%emt 0:02:33][%mdl 2048] Keeping Black busy.} Nd7 23. Bb5 ({But not} 23. c6 Rc8 $16) 23... Rc8 24. Bxd7 Qxd7 25. b3 Rc7 26. Kb2 {[%emt 0:00:19] White is more active.} Qg4 27. Rd2 Rec8 $2 (27... Rd7 $16 {is a better defense.} 28. d6 Qe6) 28. Qe5 f6 29. gxf6 {[%emt 0:00:18] Weighted Error Value: White=0.13 (very precise) /Black=0.44} 1-0

[Event "4NCL 2022-2023"]
[Site "Daventry"]
[Date "2023.01.14"]
[Round "3.28"]
[White "Venkatesan, Kavin"]
[Black "Adair, James R"]
[Result "1/2-1/2"]
[ECO "E20"]
[WhiteElo "2152"]
[BlackElo "2451"]
[Annotator "TA"]
[PlyCount "46"]
[EventDate "2022.10.20"]
[EventType "team-tourn"]
[EventCountry "ENG"]
[SourceTitle "playchess.com"]
[Source "ChessBase"]
[SourceQuality "1"]
[TimeControl "40/6000+30:2400+30"]

1. d4 Nf6 2. c4 e6 3. Nc3 Bb4 4. f3 c5 5. d5 d6 6. e4 b5 {[%emt 0:00:14] E20: Nimzo-Indian: 4 g3 and 4 f3.} 7. a3 Ba5 8. Bd3 O-O {[%emt 0:00:37] The position is equal.} 9. Nge2 bxc4 10. Bxc4 Ba6 11. Bxa6 Nxa6 12. Bg5 exd5 {[%emt 0:17:24] [#]} 13. exd5 $146 ({Predecessor:} 13. O-O Nc7 14. exd5 Rb8 15. Qc2 h6 16. Bh4 g5 17. Bf2 Bxc3 18. Nxc3 Nfxd5 19. Nxd5 Nxd5 20. b4 cxb4 21. Qd2 Rb5 22. axb4 Nxb4 23. Rxa7 Qb8 24. f4 {½-½ Doren,D (2398)-Kevicky,M (2405) W-ch WS/SIM/B/01 email 2019}) 13... c4 14. Qd4 Re8 15. Qxc4 Bxc3+ $1 16. bxc3 Qb6 {[%emt 0:00:00][%cal Oe8e2] [#] White must now prevent ...Rxe2+!} 17. Bxf6 gxf6 18. Rd1 Rac8 19. Qd4 Qxd4 20. cxd4 Rc3 (20... Rc2 $5 21. Rd2 $8 Rc1+ 22. Rd1 Rc2 $11) 21. Kd2 {[%emt 0:05:24] White is slightly better.} Rxa3 {[%emt 0:00:00] [#] And now ...Ra2+ would win.} 22. Ra1 {[%emt 0:00:04] Inhibits Ra2+.} Rb3 23. Rhb1 {[%emt 0:03:17] Inhibits Rb2+.} Rb4 {[%emt 0:00:00] Weighted Error Value: White=0.03 (flawless) /Black=0.08 (flawless)} (23... Rxb1 $14 24. Rxb1 Rb8) 1/2-1/2

[Event "4NCL 2022-2023"]
[Site "Daventry"]
[Date "2023.01.14"]
[Round "3.29"]
[White "Wells, Peter K"]
[Black "Freeman, Gordon"]
[Result "1/2-1/2"]
[ECO "B38"]
[WhiteElo "2370"]
[BlackElo "2093"]
[Annotator "TA"]
[PlyCount "93"]
[EventDate "2022.10.20"]
[EventType "team-tourn"]
[EventCountry "ENG"]
[SourceTitle "playchess.com"]
[Source "ChessBase"]
[SourceQuality "1"]
[TimeControl "40/6000+30:2400+30"]

1. Nf3 c5 2. c4 Nf6 3. Nc3 g6 4. d4 cxd4 5. Nxd4 Nc6 6. e4 Bg7 7. Be3 O-O 8. Be2 Nxd4 9. Bxd4 b6 10. f4 Bb7 11. Bf3 d6 12. O-O Rc8 {[%emt 0:05:48] B38: Sicilian: Maroczy Bind with 5...Bg7 and 7...0-0.} 13. b3 Nd7 (13... e5 $14 14. fxe5 dxe5) 14. Bxg7 $16 Kxg7 {[%emt 0:00:09] [#] White is better.} 15. e5 Bxf3 $11 16. Rxf3 {[%emt 0:00:14] [#]} Rc6 $146 (16... dxe5 $11 17. Rd3 Rc7) ({Predecessor:} 16... b5 17. exd6 bxc4 18. Qd4+ Nf6 19. Ne4 cxb3 20. axb3 exd6 21. Rxa7 Rc1+ 22. Rf1 Rxf1+ 23. Kxf1 {0-1 Fontaine,R (2369)-Apicella,M (2515) FRA-chT France 1999 (3)}) 17. Nb5 (17. Qd5 $142 Rc8 18. Rd1 (18. exd6 Nf6 $16)) 17... a6 $16 (17... dxe5 $2 18. Rd3 $18 (18. Nxa7 Rd6 $11)) 18. Nd4 Rc8 19. e6 Nc5 20. f5 $36 {[%emt 0:04:19][%mdl 2048] Black must now prevent exf7. Keeping Black busy. White is more active.} fxe6 21. b4 (21. Nxe6+ $6 Nxe6 22. fxe6 Kg8 $11) (21. fxe6 $6 Kg8 $11) 21... e5 (21... exf5 $16 22. bxc5 Rf6) 22. bxc5 $18 {[%emt 0:02:54] aiming for Ne6+.} exd4 23. Qxd4+ Kg8 $2 (23... Rf6) 24. cxb6 Rxf5 25. Rxf5 gxf5 {[%emt 0:00:10][%mdl 4096] Endgame KQR-KQR} 26. Rb1 Rb8 27. Rb3 e5 (27... Kf7 {was necessary.} 28. Kf2 Qc8) 28. Qd5+ Kh8 $2 (28... Kf8 29. h3 f4) 29. c5 (29. b7 Qc7 30. Qe6 f4 $16) 29... Qg5 30. Rc3 $2 (30. cxd6 Qc1+ 31. Kf2 Qc2+ 32. Kf3 e4+ 33. Kg3) 30... Qh4 31. g3 (31. cxd6 $2 Qe1#) (31. Rc1 $18 {has better winning chances.} Qf4 32. Re1 dxc5 33. Qxc5 (33. Rxe5 Qc1+ 34. Kf2 Qf4+ 35. Kg1 Qc1+ 36. Kf2 Qf4+ 37. Kg1 $11) 33... Qd4+ 34. Qxd4 exd4 35. Re6) 31... Qb4 $16 32. Qxd6 Qxc3 33. Qxb8+ {[%emt 0:00:04] KQ-KQ} Kg7 34. Qc7+ Kg6 35. Qd6+ ({Better is} 35. Qc6+ $16 Kh5 36. Qe8+ Kg5 37. Qg8+ (37. Qe7+ Kg6 $16) 37... Kf6 38. Qd8+ (38. Qxh7 Qd4+ 39. Kf1 Qc4+ 40. Kg2 Qe4+ 41. Kf2 Qc2+ 42. Kf1 Qb1+ 43. Kg2 Qe4+ 44. Kg1 Qe1+ 45. Kg2 Qe4+ $11) (38. Qf8+ Kg6 $16) 38... Kg6 39. Qg8+ (39. Qd6+ Kf7 $16) 39... Kf6 40. Qf8+ (40. Qxh7 Qe1+ 41. Kg2 Qe4+ 42. Kf2 Qc2+ 43. Kf1 Qb1+ 44. Kf2 Qc2+ 45. Kg1 Qb1+ 46. Kg2 Qe4+ 47. Kh3 Qg4+ 48. Kg2 Qe2+ 49. Kg1 Qe3+ 50. Kf1 Qf3+ 51. Kg1 Qe3+ 52. Kf1 Qf3+ 53. Kg1 Qe3+ $11) 40... Kg6 41. Qg8+ Kf6) 35... Kf7 $2 {[%emt 0:01:03] [#]} (35... Kg7 $1 $11) 36. Qd7+ $2 (36. Qd5+ $1 $18 Ke7 37. Qd6+ Kf7 38. Qd5+ Ke7 39. Kg2 Qb2+ 40. Kf1 Qc1+ 41. Kg2 Qc2+ 42. Kg1 Qc1+ 43. Kg2 Qb2+ 44. Kf3 Qc3+ 45. Ke2 Qc2+ 46. Kf3 Qc3+ 47. Kf2 Qb2+ 48. Kf3 Qc3+) 36... Kg6 $2 {[%emt 0:00:11] [#]} (36... Kf6 $1 $11 {and Black stays safe.}) 37. Qe6+ $2 (37. Qc6+ $1 $18 Kh5 38. h3) 37... Kg5 $1 $11 {[%emt 0:00:57] The position is equal.} 38. Qg8+ ({Resist} 38. Qe7+ $6 Kg6 $16) 38... Kh6 39. Qe6+ Kg5 40. Qg8+ ({Don't do} 40. Qe7+ $6 Kg6 $16) 40... Kh6 41. Kg2 {[%emt 0:03:44] Strongly threatening h4.} Qd2+ 42. Kh3 {[%emt 0:04:33] Threatening mate with Qe6+.} Qe2 43. Qe6+ Kg5 44. Qe7+ Kg6 45. Qe8+ Kg5 46. Qe7+ Kg6 47. Qe6+ {[%emt 0:03:10] Black escapes into a draw.   Weighted Error Value: White=0.53/Black=0.41} 1/2-1/2